 Dungeon Crawl Stone Soup version 0.28-a0-1524-ge72afd5fc6 (webtiles) character file.

Game seed: 8405551204381488967

1557 voltaire321 the Chopper (level 8, -1/70 HPs)
             Began as a Minotaur Gladiator on Jan 17, 2022.
             Slain by a gnoll (5 damage)
             ... on level 5 of the Dungeon.
             The game lasted 00:09:42 (5020 turns).

voltaire321 the Chopper (Minotaur Gladiator)        Turns: 5020, Time: 00:09:43

Health: -1/70      AC:  9    Str: 21    XL:     8   Next: 58%
Magic:  0/7        EV:  9    Int:  5    God:
Gold:   175        SH:  0    Dex: 12    Spells: 7/7 levels left

rFire   . . .      SeeInvis .   a - +0 war axe
rCold   . . .      Faith    .   (no shield)
rNeg    . . .      Spirit   +   q - +0 chain mail
rPois   +          Reflect  .   c - +0 hat
rElec   .          Harm     .   (no cloak)
rCorr   .          Rampage  .   (no gloves)
Will    .....                   (no boots)
Stlth   ..........              j - amulet of guardian spirit
HPRegen 0.21/turn               o - ring of poison resistance
MPRegen 0.10/turn               (no ring)

@: lit by a corona, glowing
A: horns 2, retaliatory headbutt
a: no special abilities


You were on level 5 of the Dungeon.
You visited 1 branch of the dungeon, and saw 5 of its levels.

You collected 175 gold pieces.

Inventory:

Hand Weapons
 a - a +0 war axe (weapon)
Missiles
 d - 3 throwing nets (quivered)
 v - 6 curare-tipped darts
Armour
 b - a +0 leather armour
 c - a +0 hat (worn)
 q - a +0 chain mail (worn)
Jewellery
 j - an amulet of guardian spirit (around neck)
 o - a ring of poison resistance (left hand)
Wands
 p - a wand of flame (17)
 s - a wand of iceblast (10)
Scrolls
 e - 2 scrolls of immolation {unknown}
 f - 2 scrolls of vulnerability {unknown}
 h - 3 scrolls of identify {unknown}
 k - a scroll of summoning {unknown}
 l - a scroll of fear {unknown}
 m - 2 scrolls of enchant weapon {unknown}
 t - a scroll of amnesia {unknown}
Potions
 g - a potion of haste {unknown}
 i - 2 potions of brilliance {unknown}
 n - 2 potions of degeneration {unknown}
 r - a potion of heal wounds {unknown}
 u - a potion of lignification {unknown}


   Skills:
 + Level 5.9 Fighting
 + Level 6.5 Axes
 + Level 4.8 Throwing
 + Level 5.2 Armour
 + Level 5.9 Dodging
 + Level 3.1 Evocations


You had 7 spell levels left.
You didn't know any spells.
Your spell library contained the following spells:

 Spells                   Type           Power      Damage    Failure   Level
 Blink                    Tloc           0%         N/A       100%        2
 Lesser Beckoning         Tloc           0%         N/A       100%        3
 Manifold Assault         Tloc           0%         N/A       100%        5


Dungeon Overview and Level Annotations

Branches:
Dungeon (5/15)
 Temple: D:4-7

Altars:
Vehumet

Shops:
D:4 =


Innate Abilities, Weirdness & Mutations

You have a pair of horns on your head.
You reflexively headbutt those who attack you in melee.


Message History

Pikel hits you with a +0 whip of flaming.
Pikel burns you. The gnoll shaman barely misses you. You furiously retaliate!
You headbutt the gnoll shaman!
You kill the gnoll shaman!
The lemure hits you but does no damage.
The gnoll hits you with a +2 flail of protection!
You slash Pikel!
Pikel is heavily wounded.
You barely miss the lemure. You hit the gnoll but do no damage.
Pikel hits you with a +0 whip of flaming.
Pikel burns you.
The gnoll hits you with a +2 flail of protection.
* * * LOW HITPOINT WARNING * * *
The lemure hits you but does no damage.
Pikel says, "It's all about the gold, really."
Pikel hits you with a +0 whip of flaming.
* * * LOW HITPOINT WARNING * * *
Pikel burns you.
* * * LOW HITPOINT WARNING * * *
You slash Pikel! You headbutt Pikel.
You kill Pikel!
You barely miss the lemure. You barely miss the gnoll.
With Pikel's spell broken, his former minions thank you for their freedom.
The lemure departs this earthly plane. x2
The gnoll hits you with a +2 flail of protection.
* * * LOW HITPOINT WARNING * * *
The gnoll hits you with a +2 flail of protection.
* * * LOW HITPOINT WARNING * * *
Your Armour skill increases to level 5!
Your Evocations skill increases to level 3!
You hit the gnoll.
The gnoll is severely wounded.
The gnoll completely misses you.
The gnoll hits you with a +2 flail of protection.
* * * LOW HITPOINT WARNING * * *
Okay, then.
You barely miss the gnoll. Your headbutt misses the gnoll.
The gnoll is severely wounded.
The gnoll hits you with a +2 flail of protection.
You die...

############### #.# #.#
..............#######.# #(#
.######.##............# #..
#.######.##.##.###...#.# #..
...........##.##.........#####.<
#..........#(..#####............
#......##.......## ##.#.###.#.##
#..###.##.......§####.#.###..##
#..# #.##......@)..§§.......##
#..# #.##......)g.###.#.##..#
##..###.##...................##
.................#.##....###..##
.(..###.########.#.##..###
#.#.## .#......(...# #.#......#
#.##.. ...####.###.#
#.#..#.#.####.###. #### #.# #.#
#.#...........# #. ....
##.###.####.##.#.#.####.# #.


You could see a gnoll (fast).

Vanquished Creatures
  Pikel (D:5)
  Grinder (D:3)
  Sigmund (D:2)
  An ice beast (D:5)
  An ogre (D:5)
  2 lemures (D:5)
  A phantom (D:5)
  Blork the orc (D:4)
  A scorpion (D:5)
  A howler monkey (D:5)
  A gnoll shaman (D:5)
  An orc priest (D:3)
  A hound (D:5)
  Ijyb (D:3)
  2 iguanas (D:4)
  An orc wizard (D:4)
  A hound skeleton (D:4)
  Robin (D:3)
  3 gnolls (D:5)
  4 adders
  A white imp (D:4)
  2 adder skeletons (D:4)
  3 worms
  2 dart slugs
  17 orcs
  3 ball pythons
  4 endoplasms
  4 giant cockroaches
  7 goblins
  12 hobgoblins
  2 jackals (D:3)
  3 quokkas
  5 bats
  A frilled lizard (D:2)
  14 kobolds
  12 rats
119 creatures vanquished.

Notes
Turn   | Place    | Note
-------+----------+-------------------------------------------
     0 | D:1      | voltaire321 the Minotaur Gladiator began the quest for the
                  | Orb.
     0 | D:1      | Reached XP level 1. HP: 18/18 MP: 0/0
    96 | D:1      | Reached XP level 2. HP: 25/25 MP: 1/1
   179 | D:1      | Reached skill level 1 in Armour
   283 | D:1      | Found a faded altar of an unknown god.
   749 | D:1      | Reached XP level 3. HP: 30/30 MP: 2/2
   837 | D:1      | Reached skill level 4 in Axes
   923 | D:2      | Noticed Sigmund
  1204 | D:2      | Killed Sigmund
  1205 | D:2      | Reached XP level 4. HP: 26/40 MP: 3/3
  1205 | D:2      | Reached XP level 5. HP: 30/46 MP: 4/4
  2160 | D:3      | Noticed Ijyb
  2171 | D:3      | Killed Ijyb
  2172 | D:3      | Reached XP level 6. HP: 27/52 MP: 2/5
  2561 | D:3      | Noticed Grinder
  2572 | D:3      | Killed Grinder
  2573 | D:3      | Reached skill level 5 in Axes
  2573 | D:3      | Reached skill level 1 in Evocations
  2848 | D:3      | Noticed Robin
  2862 | D:3      | Killed Robin
  2863 | D:3      | Reached XP level 7. HP: 18/60 MP: 2/6
  3201 | D:4      | Found Teeps's Jewellery Shoppe.
  3325 | D:4      | Noticed Blork the orc
  3387 | D:4      | Killed Blork the orc
  3388 | D:4      | Reached skill level 5 in Dodging
  3588 | D:4      | Found a radiant altar of Vehumet.
  3879 | D:5      | Entered Level 5 of the Dungeon
  4034 | D:5      | Reached skill level 5 in Fighting
  4381 | D:5      | Reached XP level 8. HP: 17/68 MP: 3/7
  4798 | D:5      | Reached skill level 6 in Axes
  5008 | D:5      | Noticed Pikel
  5018 | D:5      | Killed Pikel
  5019 | D:5      | Reached skill level 5 in Armour
  5020 | D:5      | Slain by a gnoll

Illustrated notes

Levels and vault maps discovered:
D:1:      lightli_arrival_quake, layout_loops_ring,
          hellmonk_ecumenical_altar_crossroads, minmay_quantized
D:2:      layout_loops_ring, uniq_sigmund
D:3:      layout_basic, uniq_ijyb, uniq_grinder, uniq_robin
D:4:      layout_cave_pools, nicolae_vehumet_altar_sigil, serial_shops,
          nicolae_diamond_shop, chequers_arboretum, fountainhead,
          chequers_serial_rivers_marsh, uniq_blork_the_orc
D:5:      layout_loops_ring, serial_shops, kennysheep_little_box, uniq_pikel,
          uniq_edmund

Skill      XL: |  1  2  3  4  5  6  7  8 |
---------------+-------------------------+-----
Armour         | 1 2 3 4 5 |  5.2
Axes           | 4 5 6 |  6.5
Fighting       | 3 4 5 |  5.9
Throwing       | 3 4 |  4.8
Dodging        | 4 5 |  5.9
Evocations     | 1 2 3 |  3.1

Action                   |  1- 3 |  4- 6 |  7- 9 || total
-------------------------+-------+-------+-------++-------
Melee: War axe           |    63 |    94 |   120 ||   277
       Headbutt          |     5 |     8 |    23 ||    36
       Punch             |       |       |     4 ||     4
Evoke: Wand              |       |     6 |       ||     6
Armor: Leather armour    |    15 |    12 |       ||    27
       Chain mail        |       |    35 |    52 ||    87
Dodge: Dodged            |    47 |    72 |    45 ||   164

Table legend: (Time is in decaauts)
 A = Elapsed time spent in this place.
 B = Non-inter-level travel time spent in this place.
 C = Inter-level travel time spent in this place.
 D = Time resting spent in this place.
 E = Time spent auto-exploring this place.
 F = Levels seen in this place.
 G = Mean time per level.
                   A        B        C        D        E       F      G
               +--------+--------+--------+--------+--------+-----+--------+
         Total |   5091 |   5010 |     81 |    880 |   3265 |   5 | 1018.2 |
       Dungeon |   5091 |   5010 |     81 |    880 |   3265 |   5 | 1018.2 |
               +--------+--------+--------+--------+--------+-----+--------+

Top non-repeatable levels by time:
     D:3: 1395 daAuts
     D:5: 1155 daAuts
     D:1: 1070 daAuts
     D:2: 809 daAuts
     D:4: 660 daAuts
